 Dungeon Crawl Stone Soup version 0.28-a0-474-g535839065c (webtiles) character file.

Game seed: 9796899873211744579

21 Gwenloh the Grave Robber (level 2, -7/19 HPs)
             Began as a Vampire Necromancer on Sept 15, 2021.
             Mangled by Terence (8 damage)
             ... on level 2 of the Dungeon.
             The game lasted 00:01:54 (1043 turns).

Gwenloh the Grave Robber (Vampire Necromancer)      Turns: 1043, Time: 00:01:55

Health: -7/19      AC:  2    Str:  7    XL:     2   Next: 65%
Magic:  3/5        EV: 12    Int: 17    God:
Gold:   76         SH:  0    Dex: 14    Spells: 4/5 levels left

rFire   . . .      SeeInvis +   b - +0 trident
rCold   . . .      Faith    .   (no shield)
rNeg    . . .      Spirit   .   a - +0 robe
rPois   .          Reflect  .   (no helmet)
rElec   .          Harm     .   (no cloak)
rCorr   .          Rampage  .   (no gloves)
Will    .....                   (no boots)
Stlth   ++........              (no amulet)
HPRegen 0.26/turn               (no ring)
MPRegen 0.09/turn               (no ring)

@: healing quickly
A: alive, fangs 3, see invisible, vampiric 1
a: Exsanguinate


You were on level 2 of the Dungeon.
You visited 1 branch of the dungeon, and saw 2 of its levels.

You collected 76 gold pieces.

Inventory:

Hand Weapons
 b - a +0 trident (weapon)
Missiles
 d - 4 boomerangs
Armour
 a - a +0 robe (worn)
Scrolls
 c - a scroll of amnesia {unknown}
 e - a scroll of identify {unknown}
 g - a scroll of fog {unknown}
 h - a scroll of silence {unknown}
 i - a scroll of teleportation {unknown}
 j - a scroll of fear {unknown}
Potions
 f - 2 potions of resistance {unknown}


   Skills:
 - Level 2.1 Dodging
 - Level 3.0 Stealth
 + Level 2.3 Spellcasting
 * Level 5.0 Necromancy


You had 4 spell levels left.
You knew the following spells:

 Your Spells              Type           Power      Damage    Failure   Level
a - Pain                  Necr           76%        1d7       2%          1

Your spell library contained the following spells:

 Spells                   Type           Power      Damage    Failure   Level
 Animate Skeleton         Necr           38%        N/A       2%          1
 Vampiric Draining        Necr           9%         2d7       7%          3
 Beastly Appendage        Tmut           4%         N/A       19%         1
 Animate Dead             Necr           9%         N/A       24%         4
 Wereblood                Tmut           2%         N/A       28%         2
 Spider Form              Tmut/Pois      1%         N/A       50%         3
 Agony                    Necr           19%        N/A       54%         5


Dungeon Overview and Level Annotations

Branches:
Dungeon (2/15)

Altars:

Annotations:
D:2 Terence


Innate Abilities, Weirdness & Mutations

Your natural rate of healing is accelerated.
You have razor-sharp teeth.
You have supernaturally acute eyesight. (SInv)
You are afflicted with vampirism.


Message History

The hobgoblin writhes in agony!
You kill the hobgoblin!
No target in view!
A frilled lizard comes into view.
The frilled lizard hisses angrily.
The frilled lizard writhes in agony!
You kill the frilled lizard!
HP restored.
A ball python comes into view.
The ball python hisses angrily.
The ball python writhes in agony.
You kill the ball python!
Magic restored.
You see here a hobgoblin corpse.
Found a stone staircase leading down.
Terence the Incautious comes into view.
He is wielding a +0 mace.
Terence shouts!
Terence barely resists.
Terence writhes in agony.
Terence barely resists.
You reach to attack!
You barely miss Terence.
Terence is moderately wounded.
You barely miss Terence.
Terence is moderately wounded.
Terence misses you.
You hit Terence but do no damage.
Terence is moderately wounded.
Terence hits you with a +0 mace. Terence barely misses you.
You hit Terence but do no damage. You bite Terence, but do no damage.
Terence is lightly wounded.
Terence closely misses you.
You completely miss Terence.
Terence is lightly wounded.
Terence hits you with a +0 mace.
You hit Terence but do no damage.
Terence is lightly wounded.
Terence hits you with a +0 mace.
* * * LOW HITPOINT WARNING * * *
Terence hits you with a +0 mace!
You die...

########
#......########
#......@@......
#......########
#......# ###.####
#.# ########.# ###
#......#.#
..###.####.#.#######
.............>......


You could see Terence.

Vanquished Creatures
  6 hobgoblins
  2 quokkas (D:1)
  2 ball pythons
  6 bats (D:1)
  A frilled lizard (D:2)
  A goblin (D:1)
  A kobold (D:1)
19 creatures vanquished.

Notes
Turn   | Place    | Note
-------+----------+-------------------------------------------
     0 | D:1      | Gwenloh the Vampire Necromancer began the quest for the
                  | Orb.
     0 | D:1      | Reached XP level 1. HP: 13/13 MP: 3/3
   266 | D:1      | Reached XP level 2. HP: 13/19 MP: 3/5
   467 | D:1      | Found a faded altar of an unknown god.
   734 | D:1      | Reached skill level 5 in Necromancy
  1033 | D:2      | Noticed Terence
  1043 | D:2      | Mangled by Terence

Illustrated notes

Levels and vault maps discovered:
D:1:      lemuel_arrival_behind_the_door_small, layout_basic,
          shapermc_ecumenical_altar_totnotflames
D:2:      layout_basic, minmay_circle_x, uniq_terence

Skill      XL: |  1  2 |
---------------+-------+-----
Necromancy     | 5 |  5.0
Dodging        | |  2.1
Stealth        | |  3.0
Spellcasting   | |  2.3

Action                   || total
-------------------------++-------
Melee: Trident           ||    22
       Bite              ||     2
 Cast: Pain              ||    23
 Stab: Sleeping          ||     1
Armor: Robe              ||     1
Dodge: Dodged            ||    11

Table legend: (Time is in decaauts)
 A = Elapsed time spent in this place.
 B = Non-inter-level travel time spent in this place.
 C = Inter-level travel time spent in this place.
 D = Time resting spent in this place.
 E = Time spent auto-exploring this place.
 F = Levels seen in this place.
 G = Mean time per level.
                   A        B        C        D        E       F      G
               +--------+--------+--------+--------+--------+-----+--------+
         Total |   1048 |   1030 |     18 |      0 |    915 |   2 |  524.0 |
       Dungeon |   1048 |   1030 |     18 |      0 |    915 |   2 |  524.0 |
               +--------+--------+--------+--------+--------+-----+--------+

Top non-repeatable levels by time:
     D:1: 792 daAuts
     D:2: 256 daAuts
